 Dungeon Crawl Stone Soup version 0.24.0-28-g17ded55e90 (webtiles) character file.

Game seed: 3936942902794831202, levelgen mode: classic

445392 EnegeticOcto the Peltast (level 24, -18/171 HPs)
             Began as an Octopode Skald on Nov 9, 2019.
             Was the Champion of Ru.
             Demolished by an ettin (illusionary)
             ... wielding a +0 great mace
              (19 damage)
             ... while paralysed by a great orb of eyes
             ... on level 2 of the Depths on Nov 11, 2019.
             The game lasted 03:01:10 (86621 turns).

EnegeticOcto the Peltast (Octopode Skald)          Turns: 86621, Time: 03:01:11

Health: -18/171    AC:  6    Str: 12    XL:     24   Next: 19%
Magic:  37/37      EV:  2    Int: 30    God:    Ru [******]
Gold:   4534       SH:  0    Dex: 17    Spells: 27/43 levels left

rFire    + + .     SeeInvis +   a - +8 rapier (elec)
rCold    + + +     Gourm    .   X - +8 large shield
rNeg     . . .     Faith    .   V - +2 hat
rPois    +         Spirit   .   Y - amulet of Tecuufua {Inacc rC+++ MR++ Dex-2 SInv}
rElec    +         Reflect  .   c - ring of resist corrosion
rCorr    +         Harm     .   k - +3 ring of dexterity
MR       ++...                  y - +3 ring of protection (curse)
Stlth    ++++++++..             B - ring of stealth
HPRegen  0.38/turn              N - ring "Oneoqes" {rF+ Int+4}
MPRegen  0.25/turn              w - +4 ring of intelligence
                                F - ring "Cuinaf Paxzi" {rElec rPois SInv, =R}
                                R - ring of protection from fire

@: paralysed, drained
A: almost no armour, stealthy swim, amphibious, 8 rings, constrict 8, antennae
1, repulsion field 1, camouflage 1, clever 1, electricity resistance, gelatinous
body 1, inability to use devices, hated by all, magic vulnerability 1,
inexperienced 1
}: 2/15 runes: barnacled, gossamer
a: Draw Out Power, Power Leap, Apocalypse, Renounce Religion


You were on level 2 of the Depths.
You worshipped Ru.
Ru was exalted by your worship.
You were not hungry.

You visited 8 branches of the dungeon, and saw 40 of its levels.
You visited the Abyss 1 time.
You also visited: Gauntlet, Ice Cave, Volcano and Desolation.

You collected 5343 gold pieces.
You spent 809 gold pieces at shops.

Inventory:

Hand Weapons
 a - a +8 rapier of electrocution (weapon)
 b - a +5 fustibalus of freezing
 H - a +1 dagger of distortion
Missiles
 n - 123 poisoned darts (quivered)
 o - 140 javelins
 t - 441 sling bullets
 x - 11 throwing nets {!f}
 J - 4 curare-tipped darts
 Z - 54 silver javelins
Armour
 V - a +2 hat (worn)
 X - a +8 large shield (worn)
Jewellery
 c - a ring of resist corrosion (left tentacle)
 k - a +3 ring of dexterity (right tentacle)
 w - a +4 ring of intelligence (on tentacle)
 y - a cursed +3 ring of protection (on tentacle)
 B - a ring of stealth (on tentacle)
 D - the amulet of Tavutos {Faith -Tele rPois rC+++ SInv}
   (You found it on level 11 of the Dungeon)

   [amulet of faith]

   It allows you to gain divine favour quickly.
   It renders you almost immune to cold.
   It protects you from poison.
   It lets you see invisible.
   It prevents most forms of teleportation.
 F - the ring "Cuinaf Paxzi" (on tentacle) {rElec rPois SInv, =R}
   (You found it in a Gauntlet)

   [ring of poison resistance]

   It insulates you from electricity.
   It protects you from poison.
   It lets you see invisible.
 N - the ring "Oneoqes" (on tentacle) {rF+ Int+4}
   (You found it on level 11 of the Dungeon)

   [ring of protection from fire]

   It affects your intelligence (+4).
   It protects you from fire.
 R - a ring of protection from fire (on tentacle)
 T - the amulet "Vanlerho" {RegenMP rElec}
   (You found it on level 1 of the Elven Halls)

   [amulet of magic regeneration]

   It increases your magic regeneration.
   It insulates you from electricity.
 Y - the amulet of Tecuufua (around mantle) {Inacc rC+++ MR++ Dex-2 SInv}
   (You found it on level 3 of the Elven Halls)

   [amulet of inaccuracy]

   It reduces the accuracy of all your attacks.
   It affects your dexterity (-2).
   It renders you almost immune to cold.
   It affects your resistance to hostile enchantments.
   It lets you see invisible.
Scrolls
 d - 7 scrolls of teleportation {@r3 !r}
 g - 7 scrolls of vulnerability
 h - 6 scrolls of identify {@r1}
 p - 2 scrolls of enchant armour
 q - 8 scrolls of immolation
 r - 22 scrolls of remove curse {@r2}
 s - 10 scrolls of fear {!r}
 u - a scroll of silence
 C - 5 scrolls of blinking {@r4}
 G - 7 scrolls of magic mapping {@r5 !r}
 W - a scroll of fog {!r}
Potions
 f - 10 potions of agility {@q5 !q}
 i - 7 potions of haste {@q4 !q}
 j - 13 potions of might {@q3 !q}
 l - 3 potions of resistance
 m - 2 potions of curing {@q1 !q}
 v - 6 potions of flight
 z - 7 potions of mutation
 A - 5 potions of lignification {@q6}
 I - 4 potions of berserk rage
 K - 4 potions of brilliance
 L - 6 potions of heal wounds {@q2 !q}
 M - 4 potions of cancellation
 P - 6 potions of ambrosia
 S - 2 potions of magic
 U - 4 potions of invisibility
Comestibles
 e - 26 rations
 E - 5 chunks of flesh


   Skills:
 + Level 16.1(15.2) Fighting
 - Level 13.9(13.2) Short Blades
   Level 2.0(8.7) Long Blades
 - Level 13.7 Slings
 + Level 8.6(11.4) Throwing
 + Level 16.1(15.3) Dodging
 - Level 15.3(14.5) Stealth
 - Level 20.0(19.0) Shields
 - Level 10.0(9.2) Spellcasting
 - Level 3.0(2.3) Conjurations
 - Level 2.1(1.5) Hexes
 - Level 8.0(7.3) Charms
 - Level 8.0(7.3) Necromancy
 - Level 5.0(4.3) Translocations
 - Level 3.0(2.4) Transmutations
 - Level 3.0(2.3) Air Magic
 - Level 3.0(2.3) Earth Magic
 - Level 8.0(7.3) Poison Magic


You had 27 spell levels left.
You knew the following spells:

 Your Spells              Type           Power        Failure   Level  Hunger
a - Apportation           Tloc           #####.       1%          1    None
b - Shroud of Golubria    Chrm/Tloc      #####.       1%          2    None
c - Mephitic Cloud        Conj/Pois/Air  #####...     4%          3    None
d - Song of Slaying       Chrm           ######..     1%          2    None
e - Confusing Touch       Hex            ###...       4%          1    None
f - Swiftness             Chrm/Air       #####...     1%          2    None
p - Passwall              Tmut/Erth      ####....     4%          2    None
T - Regeneration          Chrm/Necr      ######....   1%          3    None

Your spell library contained the following spells:

 Spells                   Type           Power        Failure   Level  Hunger
 Infusion                 Chrm           ####         1%          1    None
 Pain                     Necr           ####         1%          1    None
 Sting                    Conj/Pois      ####         1%          1    None
 Poisonous Vapours        Pois/Air       #####.       1%          2    None
 Sublimation of Blood     Necr           ######....   1%          2    None
 Beastly Appendage        Tmut           ####..       3%          1    None
 Magic Dart               Conj           ####         3%          1    None
 Sandblast                Erth           ####..       3%          1    None
 Shock                    Conj/Air       ####         3%          1    None
 Spider Form              Tmut/Pois      #####.....   3%          3    None
 Flame Tongue             Conj/Fire      ###..        4%          1    None
 Searing Ray              Conj           ####..       4%          2    None
 Gell's Gravitas          Tloc           #####.....   4%          3    None
 Spectral Weapon          Hex/Chrm       #####...     4%          3    None
 Olgreb's Toxic Radiance  Pois           ######..     4%          4    None
 Ozocubu's Armour         Chrm/Ice       #####...     5%          3    None
 Ignite Poison            Fire/Tmut/Pois ####....     6%          3    None
 Portal Projectile        Hex/Tloc       ####..       7%          3    None
 Throw Flame              Conj/Fire      ###...       8%          2    None
 Freeze                   Ice            ##..         9%          1    None
 Ensorcelled Hibernation  Hex/Ice        ###...       9%          2    None
 Static Discharge         Conj/Air       ####....     9%          3    None
 Dazzling Spray           Conj/Hex       ####..       11%         3    None
 Excruciating Wounds      Chrm/Necr      ######....   11%         5    ####...
 Confuse                  Hex            ###.....     13%         3    None
 Conjure Flame            Conj/Fire      ###.....     14%         3    None
 Inner Flame              Hex/Fire       ###.....     19%         3    None
 Force Lance              Conj/Tloc      ####....     21%         4    None
 Iskenderun's Mystic Bla  Conj           ####....     30%         4    None
 Petrify                  Tmut/Erth      ####....     30%         4    None
 Alistair's Intoxication  Tmut/Pois      #####...     30%         5    ####...
 Bolt of Draining         Conj/Necr      #####.....   30%         5    ####...
 Iskenderun's Battlesphe  Conj/Chrm      #####...     30%         5    ####...
 Venom Bolt               Conj/Pois      #####.....   30%         5    ####...
 Fulminant Prism          Conj/Hex       ####......   34%         4    None
 Leda's Liquefaction      Hex/Erth       ####......   34%         4    None
 Cause Fear               Hex            ###.......   38%         4    None
 Ice Form                 Ice/Tmut       ###.....     43%         4    None
 Sticky Flame             Conj/Fire      ###.....     43%         4    None
 Throw Icicle             Conj/Ice       ###.....     43%         4    None
 Irradiate                Conj/Tmut      ####......   63%         5    ####...
 Silence                  Hex/Air        ####......   69%         5    ####...
 Yara's Violent Unravell  Hex/Tmut       ####......   69%         5    ####...
 Bolt of Magma            Conj/Fire/Erth ###.......   75%         5    ####...
 Fireball                 Conj/Fire      ###.......   80%         5    ####...
 Metabolic Englaciation   Hex/Ice        ###.......   86%         5    ####...
 Dispersal                Tloc           #####.....   90%         6    #####..
 Aura of Abjuration       Summ           ##........   92%         5    ####...
 Hydra Form               Tmut           ####......   99%         6    #####..
 Iron Shot                Conj/Erth      ####......   99%         6    #####..
 Statue Form              Tmut/Erth      ####.....    99%         6    #####..
 Bolt of Cold             Conj/Ice       ###.......   100%        6    #####..
 Bolt of Fire             Conj/Fire      ###.......   100%        6    #####..
 Freezing Cloud           Conj/Ice/Air   ###.......   100%        6    #####..
 Ozocubu's Refrigeration  Ice            ##........   100%        6    #####..
 Ring of Flames           Chrm/Fire      #####.....   100%        7    #######
 Controlled Blink         Tloc           N/A          100%        8    #######
 Disjunction              Tloc           #####.....   100%        8    #######
 Ignition                 Fire           ##........   100%        8    #######
 Shatter                  Erth           ####......   100%        9    #######
 Animate Skeleton         Necr           Unusable     N/A         1    N/A
 Animate Dead             Necr           Unusable     N/A         4    N/A
 Summon Butterflies       Summ           Unusable     N/A         1    N/A
 Summon Small Mammal      Summ           Unusable     N/A         1    N/A
 Recall                   Summ/Tloc      Unusable     N/A         3    N/A
 Call Canine Familiar     Summ           Unusable     N/A         3    N/A
 Summon Lightning Spire   Summ/Air       Unusable     N/A         4    N/A
 Summon Ice Beast         Ice/Summ       Unusable     N/A         4    N/A
 Summon Forest            Summ/Tloc      Unusable     N/A         5    N/A
 Summon Mana Viper        Hex/Summ       Unusable     N/A         5    N/A
 Summon Demon             Summ           Unusable     N/A         5    N/A
 Simulacrum               Ice/Necr       Unusable     N/A         6    N/A
 Shadow Creatures         Summ           Unusable     N/A         6    N/A
 Spellforged Servitor     Conj/Summ      Unusable     N/A         7    N/A
 Summon Hydra             Summ           Unusable     N/A         7    N/A
 Dragon's Call            Summ           Unusable     N/A         9    N/A

Dungeon Overview and Level Annotations

Branches:
Dungeon (15/15)            Temple (0/1) D:7            Lair (6/6) D:11
 Shoals (4/4) Lair:4       Spider (4/4) Lair:4        Slime (0/5) Lair:6
    Orc (2/2) D:9             Elf (3/3) Orc:2        Vaults (4/5) D:13
  Crypt (0/3) Vaults:2     Depths (2/5) D:15          IceCv (visited)
Volcano (visited)         Desolation (visited)      Gauntlet (visited)

Altars:
Cheibriados
Elyvilon
Fedhas
Gozag
Makhleb
Nemelex Xobeh
Okawaru
Qazlal
Ru
Sif Muna
Trog
Xom
Zin
Beogh
Jiyva

Shops:
D:6 :   D:14 [   Orc:2 !%[(   Elf:1 !   Shoals:1 ?

Portals:
Hell: Depths:1

Annotations:
D:8 3 exclusions
Shoals:2 12 exclusions
Elf:2 3 runed translucent doors
Vaults:1 2 runed translucent doors, HilariousDeathArtist's ghost, adept CeWn


Innate Abilities, Weirdness & Mutations

You cannot wear most types of armour.
You are very stealthy in the water. (Stealth+)
You are amphibious.
You can wear up to eight rings at the same time.
You can use your tentacles to constrict eight enemies at once.
Your skin changes colour to match your surroundings (Stealth+).
Your rubbery body absorbs attacks. (AC +1, EV +1)
You cannot study or use magical devices.
You are hated by all.
You are slightly vulnerable to magic. (MR-)
You are somewhat inexperienced. (-2 XL)
You have a pair of small antennae on your head.
You are surrounded by a mild repulsion field. (EV +2)
Your mind is acute. (Int +2)
You are resistant to electric shocks. (rElec)


Message History

a +2 dire flail; a +0 ring mail Your skin stops crawling.
Found a stone staircase leading down.
Found 12 stones.
Eating one of 6 chunks of flesh.
You eat one of the 6 chunks of flesh.
This raw flesh tastes terrible.
s - 10 scrolls of fear {!r} (gained 1) Done exploring.
Done exploring.
Done exploring.
Done exploring.
You don't have any unidentified items.
Unknown command.
Okay, then.
(D) Dungeon (T) Temple (L) Lair (A) Shoals (N) Spider Nest (M) Slime Pits (O) Orcish Mines (E) Elven Halls (V) Vaults (C) Crypt (U) Depths (H) Hell
Where to? (Enter - D:15 @ (x,y), ? - help)
There is a stone staircase leading down here.
You climb downwards.
A great orb of eyes, a deep troll, 2 ettins and a rakshasa come into view.
An ettin is wielding a +2 dire flail of draining and a +0 dire flail.
There is a stone staircase leading up here.
A great orb of eyes comes into view.
The great orb of eyes turns its gaze towards you.
The ettin shouts in stereo!
You hear a deafening roar!
The rakshasa begins to attack, but is stunned by your will!
The rakshasa begins to attack, but is stunned by your will!
The rakshasa weaves an illusion.
The ettin shimmers and seems to become two!
There is a stone staircase leading up here.
Casting: Mephitic Cloud (safe; 3% risk of failure)
Confirm with . or Enter, or press ? or * to list all spells.
Space distorts slightly along a thin shroud covering your body.
The great orb of eyes turns its gaze towards you.
The great orb of eyes bites you!
Your shroud falls apart!
You block the ettin's attack. x2
You climb upwards.
There is a stone staircase leading down here.
You hit the great orb of eyes but do no damage.
Lightning courses through the great orb of eyes!
You squeeze the great orb of eyes, but do no damage.
The great orb of eyes is lightly wounded.
You hit the great orb of eyes but do no damage.
The great orb of eyes is lightly wounded.
You block the great orb of eyes's attack.
You puncture the great orb of eyes!
You squeeze the great orb of eyes, but do no damage.
The great orb of eyes is moderately wounded.
You block the ettin's attack. x2
You hit the great orb of eyes.
Lightning courses through the great orb of eyes!
You squeeze the great orb of eyes.
The great orb of eyes is heavily wounded.
You redirect the great orb of eyes's attack!
The great orb of eyes bites itself.
You catch the helpless great orb of eyes completely off-guard!
You perforate the great orb of eyes like a sieve!!!
You kill the great orb of eyes!
You block the ettin's attack. x2
You hit the ettin. Lightning courses through the ettin! You squeeze the ettin!
The ettin is heavily wounded.
You puncture the ettin! Lightning courses through the ettin!!
The ettin is almost dead.
You hit the ettin.
The ettin is almost dead.
The ettin barely misses you. You block the ettin's attack.
You puncture the ettin!
You kill the ettin!
No target in view!
No target in view!
No target in view!
No target in view!
No target in view!
HP restored.
Things that are here:
a +0 great mace; a +0 dire flail Done exploring.
There is a stone staircase leading down here.
You climb downwards.
The deep troll changes into a death drake!
You block the ettin's attack. x3; The ettin completely misses you.
An ice dragon comes into view.
The great orb of eyes gazes at you.
You suddenly lose the ability to move!
The ettin hits you with a +0 great mace!!
The ettin hits you with a +0 dire flail!!
The death drake hisses angrily.
You hear a horrible gurgling sound!
The ettin hits you with a +2 dire flail of draining!!!
You feel drained.
The ettin hits you with a +0 dire flail!!
* * * LOW HITPOINT WARNING * * *
You focus your will and illuminate the ettin in retribution!
The rakshasa blinks!
The ettin hits you with a +0 great mace!!
* * * LOW HITPOINT WARNING * * *
The ettin hits you with a +0 dire flail!!
You die...

......#
.....# .
.....### ..
....#.#
...###G....##
............#
....#......#
.k...ยง.@...#
D......CC#.#
.........#
............#
............#
......#.R.###
.#...####..
#... #.# #...
..


You could see an ice dragon, a death drake shaped shifter, a great orb of eyes,
2 ettins and a rakshasa.

Vanquished Creatures
  Mara (Shoals:4)
  Saint Roka (Orc:2)
  Margery (Vaults:3)
  Nikola (Spider:3)
  A bone dragon (Vaults:2)
  Arachne (Spider:3)
  A tentacled monstrosity (Vaults:4)
  An Ice Fiend (IceCv)
  A lich (Vaults:3)
  Asterion (Elf:1)
  2 deep elf blademasters (Elf:3)
  2 deep elf master archers (Elf:3)
  2 titans
  A sphinx (Vaults:4)
  Agnes (Elf:1)
  A kraken (Shoals:2)
  A tentacled starspawn (Abyss:2)
  A tengu reaver (Vaults:4)
  3 fire giants
  Ilsuiw (Shoals:4)
  5 deep elf sorcerers
  12 vault wardens
  Aizul (Spider:4)
  9 frost giants
  4 imperial myrmidons (Desolation)
  An orc warlord (Vaults:4)
  3 ghost moths (Spider:4)
  3 emperor scorpions
  8 deep elf elementalists
  A war gargoyle (Vaults:2)
  11 ironheart preservers
  7 stone giants
  13 entropy weavers
  An ophan (Abyss:2)
  4 deep elf demonologists
  Azrael (Spider:1)
  5 deep elf annihilators
  A minotaur (Gauntlet)
  3 spark wasps
  Snorg (D:10)
  3 deep elf death magi
  11 merfolk javelineers
  7 ettins
  3 crystal guardians (Desolation)
  4 ragged hierophants (Desolation)
  12 merfolk impalers
  2 fire dragons
  7 great orbs of eyes
  A mummy priest (Elf:1)
  9 ogre magi
  Josephine (Lair:4)
  Erolcha (D:9)
  3 deep elf high priests (Elf:3)
  9 yaktaur captains
  5 servants of whispers (Desolation)
  4 ghost crabs (Lair:3)
  A naga warrior (Abyss:2)
  Harold (D:10)
  2 rakshasas (Vaults:2)
  6 merfolk avatars
  6 ice dragons
  3 death knights
  8 hydras
  7 vault guards
  4 peacekeepers (Desolation)
  An alligator snapping turtle (Shoals:2)
  6 merfolk aquamancers
  14 centaur warriors
  8 deep troll earth magi
  27 two-headed ogres
  A satyr (Shoals:2)
  6 death yaks
  11 dancing weapons
  5 tengu warriors
  A deep troll shaman (Vaults:4)
  2 queen ants (Lair:6)
  2 vampire magi (Elf:1)
  5 orc high priests
  A thrashing horror (Abyss:2)
  Urug (D:10)
  Sonja (Lair:4)
  13 deep elf knights
  6 hell knights (Vaults:3)
  2 wretched stars
  6 fire crabs (Lair:3)
  2 shadow wraiths
  2 fire crabs (shapeshifter)
  20 sea snakes
  A glowing orange brain (Vaults:2)
  3 unseen horrors
  15 deep trolls
  A spriggan druid (Depths:1)
  2 flayed ghosts
  4 wizards
  A shadow dragon zombie (Depths:1)
  A kraken simulacrum (Shoals:4)
  A harpy (shapeshifter) (Vaults:1)
  An orange crystal statue (Gauntlet)
  A phantasmal warrior (Vaults:1)
  10 orc knights
  6 lindwurms
  2 starcursed masses (Abyss:2)
  The ghost of rgaf the Lord of Darkness, a novice GrNe of Kikubaaqudgha (D:9)
  9 necromancers
  17 ironbrand convokers
  8 orc sorcerers
  9 orb spiders
  16 deep elf archers
  15 harpies
  31 wolf spiders
  47 deep elf magi
  An oklob plant (Lair:3)
  A wolf spider (shapeshifter) (Vaults:4)
  A faun (shapeshifter) (Vaults:4)
  19 manticores
  16 fauns
  3 moths of wrath (Spider:4)
  2 sphinx skeletons
  45 ugly things
  A worldbinder (Abyss:2)
  16 cyclopes
  A toenail golem (Volcano)
  3 black mambas
  A tengu skeleton (Depths:1)
  16 vault sentinels
  An eye of devastation (Lair:4)
  3 apocalypse crabs
  A smoke demon (Abyss:2)
  2 molten gargoyles (Volcano)
  Joseph (D:7)
  7 elephants
  2 guardian serpents
  5 water nymphs
  10 merfolk sirens
  8 komodo dragons
  21 spiny frogs
  3 ice statues (IceCv)
  A storm dragon simulacrum (Vaults:4)
  2 gargoyles
  A yaktaur zombie (Depths:1)
  3 kobold demonologists
  2 rime drakes
  11 freezing wraiths
  14 demonic crawlers
  29 yaktaurs
  A yaktaur (shapeshifter) (Vaults:3)
  5 efreet
  2 anaconda simulacra (IceCv)
  10 ice devils (IceCv)
  11 trolls
  An ancient zyme (Abyss:2)
  A tengu conjurer (Depths:1)
  22 jumping spiders
  2 queen bees (shapeshifter)
  A queen bee (D:12)
  2 polar bears (Depths:1)
  A meliai (shapeshifter) (Vaults:4)
  40 saltlings (Desolation)
  16 hornets
  36 merfolk
  A troll (shapeshifter) (Vaults:1)
  2 tyrant leeches (Lair:6)
  2 harpy skeletons (D:14)
  A hornet (shapeshifter) (Vaults:1)
  13 slime creatures
  21 blink frogs
  A hippogriff (shapeshifter) (Vaults:1)
  8 raiju
  3 dream sheep (Shoals:1)
  6 wind drakes
  A stone giant simulacrum (Vaults:1)
  8 hippogriffs
  8 snapping turtles
  A spriggan zombie (Depths:1)
  A meliai zombie (D:13)
  A flying skull (Abyss:2)
  An ettin skeleton (Vaults:4)
  A shapeshifter (Lair:6)
  2 shadows
  15 tarantellas
  67 redbacks
  10 water elementals
  2 air elementals
  5 wyverns
  5 dire elephant simulacra (IceCv)
  6 wraiths
  8 fire bats
  A vampire (D:12)
  7 basilisks
  45 yaks
  2 large abominations
  Grum (D:10)
  A yak (shapeshifter) (D:14)
  10 fire elementals
  19 humans (D:13)
  A hog (shapeshifter) (Vaults:3)
  A steam dragon (D:9)
  4 golden eyes (Abyss:2)
  3 hungry ghosts
  22 soldier ants
  10 wargs
  5 vampire mosquitoes (Lair:6)
  A soldier ant (shapeshifter) (Depths:1)
  A hell hound (Spider:1)
  15 water moccasins
  A harpy simulacrum (IceCv)
  2 iron troll simulacra (IceCv)
  Duvessa (D:5)
  4 acid dragons
  10 porcupines
  52 orc warriors
  2 sky beasts
  2 black bears (shapeshifter)
  An ettin simulacrum (Vaults:1)
  7 ice beasts
  4 black bears
  2 phantoms
  An eye of draining (D:14)
  A human zombie (Vaults:1)
  9 wolves
  2 boggarts (Elf:1)
  28 centaurs
  23 ogres
  8 crocodiles
  3 big kobolds
  4 elf zombies (Elf:1)
  6 earth elementals
  30 bullfrogs
  6 small abominations
  Dowan (D:5)
  A water moccasin zombie (D:7)
  7 scorpions
  19 killer bees
  3 wights
  2 howler monkeys
  5 electric eels
  6 crimson imps
  3 centaur zombies
  2 human simulacra (Vaults:4)
  2 jellies
  26 orc priests
  6 hounds
  9 centaur skeletons
  23 orc wizards
  2 bullfrog skeletons
  34 worker ants
  3 iguanas
  A hound skeleton (D:6)
  2 worker ant zombies
  7 gnolls
  17 adders
  5 shadow imps
  A white imp (D:15)
  An ooze (D:1)
  2 adder skeletons
  2 worms
  3 dart slugs
  8 leopard geckos
  120 orcs
  2 ball pythons
  6 giant cockroaches
  9 goblins
  5 hobgoblins
  9 jackals
  10 quokkas
  A ball python skeleton (D:4)
  11 bats
  2 frilled lizards
  2 jackal skeletons
  19 kobolds
  A quokka zombie (D:6)
  4 rats
  3 fire vortices (Volcano)
  3 fungi
  10 plants
  A starspawn tentacle (Abyss:2)
  2 tentacles (Shoals:2)
1969 creatures vanquished.

Vanquished Creatures (others)
  A tengu reaver (Depths:1)
  A war gargoyle (Vaults:3)
  An ironheart preserver (Vaults:4)
  A spark wasp (Depths:1)
  A yaktaur captain (Vaults:2)
  A peacekeeper (Desolation)
  A vault guard (Vaults:1)
  A two-headed ogre (D:9)
  A satyr (Shoals:3)
  A vampire mage (D:15)
  A deep troll earth mage (Vaults:1)
  2 deep elf knights
  A deep troll (Vaults:1)
  A deep elf archer (Vaults:1)
  A lindwurm (Lair:5)
  A necromancer (Elf:1)
  A cyclops (D:11)
  A faun (Shoals:1)
  An elephant (Lair:5)
  A black mamba (Lair:4)
  2 small abominations
  A jumping spider (Spider:4)
  A hornet (Lair:4)
  5 dream sheep (D:5)
  A blink frog (Lair:6)
  A yak (Lair:3)
  7 redbacks
  A wraith (Lair:3)
  A vampire mosquito (Lair:6)
  A soldier ant (Lair:6)
  An ogre (Depths:1)
  A wolf (Lair:6)
  A water moccasin skeleton (D:11)
  A wight (D:7)
  An electric eel (Lair:5)
  2 orcs
  2 demonic plants (Gauntlet)
  24 fungi
  4 pillars of salt (Vaults:4)
  45 plants
  2 starspawn tentacles (Abyss:2)
  64 tentacles
190 creatures vanquished.

Grand Total: 2159 creatures vanquished

Notes
Turn   | Place    | Note
-------+----------+-------------------------------------------
     0 | D:1      | EnegeticOcto the Octopode Skald began the quest for the
                  | Orb.
     0 | D:1      | Reached XP level 1. HP: 14/14 MP: 3/3
    54 | D:1      | Reached skill level 1 in Stealth
   119 | D:1      | Reached XP level 2. HP: 11/20 MP: 0/5
   313 | D:1      | Learned a level 2 spell: Shroud of Golubria
   836 | D:1      | Reached XP level 3. HP: 22/25 MP: 6/6
  1169 | D:2      | Reached XP level 4. HP: 31/31 MP: 1/7
  1492 | D:2      | Learned a level 1 spell: Confusing Touch
  1496 | D:2      | Learned a level 3 spell: Regeneration
  1616 | D:2      | Found a sacrificial altar of Ru.
  1625 | D:2      | Reached skill level 1 in Hexes
  1625 | D:2      | Reached XP level 5. HP: 36/37 MP: 8/8
  1633 | D:2      | Became a worshipper of Ru the Awakened
  1739 | D:3      | Found a blossoming altar of Fedhas.
  1919 | D:3      | Found a stormy altar of Qazlal.
  2471 | D:3      | You fall into a shaft and drop 2 floors!
  2471 | D:5      | Entered Level 5 of the Dungeon
  2495 | D:5      | Reached skill level 5 in Stealth
  2495 | D:5      | Reached XP level 6. HP: 39/43 MP: 6/9
  2853 | D:5      | Found a sparkling altar of Nemelex Xobeh.
  3389 | D:4      | Gained mutation: You are slightly vulnerable to magic.
                  | (MR-) [Ru sacrifice]
  3389 | D:4      | Reached * piety under Ru
  3458 | D:4      | Reached XP level 7. HP: 48/49 MP: 0/10
  3607 | D:4      | Reached skill level 5 in Fighting
  4358 | D:3      | Found an iron altar of Okawaru.
  5036 | D:5      | Noticed a dream sheep
  5036 | D:5      | Noticed a dream sheep
  5036 | D:5      | Noticed a dream sheep
  5036 | D:5      | Noticed a dream sheep
  5036 | D:5      | Noticed a dream sheep
  5036 | D:5      | Found a shimmering altar of Xom.
  5041 | D:5      | Killed a dream sheep
  5041 | D:5      | Killed a dream sheep
  5041 | D:5      | Killed a dream sheep
  5041 | D:5      | Killed a dream sheep
  5041 | D:5      | Killed a dream sheep
  5146 | D:5      | Reached skill level 1 in Throwing
  5174 | D:5      | Noticed Duvessa
  5185 | D:5      | Killed Duvessa
  5185 | D:5      | Reached XP level 8. HP: 57/57 MP: 6/11
  5186 | D:5      | Noticed Dowan
  5191 | D:5      | Killed Dowan
  5917 | D:6      | Found Reifeblo's Book Emporium.
  6465 | D:7      | Gained mutation: You cannot study or use magical devices.
                  | [Ru sacrifice]
  6465 | D:7      | Reached ** piety under Ru
  6465 | D:7      | Reached *** piety under Ru
  6502 | D:7      | Found a bloodstained altar of Trog.
  6595 | D:7      | Found a staircase to the Ecumenical Temple.
  6669 | D:7      | Reached skill level 5 in Throwing
  6669 | D:7      | Reached XP level 9. HP: 38/65 MP: 12/12
  7039 | D:7      | Noticed a hornet
  7056 | D:7      | Killed a hornet
  7674 | D:7      | Noticed Joseph
  7688 | D:7      | Killed Joseph
  7882 | D:8      | Noticed a two-headed ogre
  7912 | D:8      | Killed a two-headed ogre
  7912 | D:8      | Reached XP level 10. HP: 47/74 MP: 14/14
  9117 | D:8      | Found a roughly hewn altar of Beogh.
  9139 | D:8      | Noticed a lindwurm
  9444 | D:8      | Found an opulent altar of Gozag.
 10267 | D:9      | Gained mutation: You are hated by all. [Ru sacrifice]
 10267 | D:9      | Reached **** piety under Ru
 10327 | D:9      | Found a shimmering blue altar of Sif Muna.
 10359 | D:9      | Noticed a two-headed ogre
 10389 | D:9      | Killed a two-headed ogre
 10529 | D:9      | Found a staircase to the Orcish Mines.
 10664 | D:9      | Noticed Erolcha
 10680 | D:9      | Killed Erolcha
 10680 | D:9      | Reached skill level 10 in Fighting
 11280 | D:9      | Found a glowing silver altar of Zin.
 11315 | D:9      | Found a white marble altar of Elyvilon.
 11338 | D:9      | Learned a level 2 spell: Song of Slaying
 11345 | D:9      | Reached skill level 5 in Slings
 11345 | D:9      | Reached skill level 1 in Shields
 11347 | D:9      | Found a transporter.
 11347 | D:9      | Noticed rgaf's ghost (novice GrNe)
 11349 | D:9      | Identified the +11 great mace of Xeboere {flame, rElec
                  | rPois}
 11349 | D:9      | Noticed a two-headed ogre
 11351 | D:9      | Noticed a two-headed ogre
 11672 | D:9      | Found a snail-covered altar of Cheibriados.
 11686 | D:9      | Found a burning altar of Makhleb.
 11848 | D:9      | Reached XP level 11. HP: 26/81 MP: 17/17
 12482 | D:9      | Reached skill level 2 in Shields
 12669 | D:9      | Reached skill level 5 in Necromancy
 12696 | D:9      | Reached skill level 5 in Dodging
 12927 | D:10     | Entered Level 10 of the Dungeon
 12931 | D:10     | Noticed a deep elf mage
 12942 | D:10     | Killed a deep elf mage
 12942 | D:10     | Reached skill level 3 in Shields
 13281 | D:10     | Noticed Urug
 13299 | D:10     | Killed Urug
 13424 | D:10     | Noticed Grum
 13472 | D:10     | Killed Grum
 13642 | D:10     | Reached skill level 4 in Shields
 13901 | D:10     | Noticed Harold
 13934 | D:10     | Killed Harold
 14420 | D:10     | Gained mutation: You are somewhat inexperienced. (-2 XL)
                  | [Ru sacrifice]
 14420 | D:10     | Reached XP level 10. HP: 62/76 MP: 25/25
 14420 | D:10     | Reached XP level 9. HP: 62/70 MP: 24/24
 14420 | D:10     | Reached ***** piety under Ru
 14420 | D:10     | Reached ****** piety under Ru
 14547 | D:10     | Noticed a troll
 14557 | D:10     | Killed a troll
 14569 | D:10     | Noticed Snorg
 14588 | D:10     | Killed Snorg
 14588 | D:10     | Reached XP level 10. HP: 60/76 MP: 13/16
 14750 | D:10     | Noticed a centaur warrior
 14761 | D:10     | Killed a centaur warrior
 15374 | D:11     | Found a staircase to the Lair.
 15420 | D:11     | Noticed a gargoyle
 15422 | D:11     | Killed a gargoyle
 15422 | D:11     | Reached skill level 1 in Short Blades
 15428 | D:11     | Noticed an orc knight
 15640 | D:11     | Noticed a cyclops
 15695 | Lair:1   | Entered Level 1 of the Lair of Beasts
 15963 | Lair:1   | Reached XP level 11. HP: 67/81 MP: 16/17
 17276 | Lair:2   | Reached skill level 5 in Short Blades
 18232 | Lair:3   | Noticed an oklob plant
 18242 | Lair:3   | Killed an oklob plant
 18379 | Lair:3   | Noticed a four-headed hydra
 18387 | Lair:3   | Killed a four-headed hydra
 18387 | Lair:3   | Reached skill level 10 in Slings
 18615 | Lair:3   | Reached XP level 12. HP: 50/87 MP: 18/18
 19229 | Lair:3   | Found a runed translucent door.
 19234 | Lair:3   | Noticed a five-headed hydra
 19241 | Lair:3   | Killed a five-headed hydra
 19989 | Lair:4   | Noticed a death yak
 19990 | Lair:4   | Found a gate leading to a gauntlet.
 20000 | Gauntlet | Entered a Gauntlet
 20000 | Gauntlet | Found a transporter.
 20000 | Gauntlet | Found a transporter.
 20000 | Gauntlet | Found a transporter.
 20000 | Gauntlet | Noticed a wretched star
 20062 | Gauntlet | Found a transporter.
 20072 | Gauntlet | Found a transporter.
 20093 | Gauntlet | Found a transporter.
 20093 | Gauntlet | Noticed a soul eater
 20102 | Gauntlet | Found a transporter.
 20103 | Gauntlet | Noticed a queen ant
 20109 | Gauntlet | Found a transporter.
 20151 | Gauntlet | Found a transporter.
 20170 | Gauntlet | Found a transporter.
 20176 | Gauntlet | Found a transporter.
 20176 | Gauntlet | Noticed a queen ant
 20196 | Gauntlet | Found a transporter.
 20240 | Gauntlet | Killed a wretched star
 20514 | Gauntlet | Got an ancient lead ring
 20515 | Gauntlet | Identified the ring "Cuinaf Paxzi" {rElec rPois SInv} (You
                  | found it in a Gauntlet)
 20611 | Gauntlet | Noticed a minotaur
 20616 | Gauntlet | Killed a minotaur
 20663 | Lair:4   | Noticed a death yak
 20663 | Lair:4   | Noticed a death yak
 20663 | Lair:4   | Noticed a death yak
 20704 | Lair:3   | Killed a death yak
 20798 | Lair:3   | Killed a death yak
 21021 | Lair:4   | Noticed a death yak
 21127 | Lair:3   | Killed a death yak
 21397 | Lair:3   | Killed a death yak
 21642 | Lair:4   | Found a hole to the Spider Nest.
 21947 | Lair:4   | Reached XP level 13. HP: 32/92 MP: 19/19
 22787 | Lair:4   | Noticed Josephine
 22805 | Lair:4   | Found a staircase to the Shoals.
 22809 | Lair:4   | Noticed Sonja
 22814 | Lair:4   | Killed Josephine
 23075 | Lair:4   | Killed Sonja
 24281 | Lair:4   | Reached XP level 14. HP: 99/99 MP: 20/20
 24969 | Lair:5   | Reached skill level 10 in Stealth
 26378 | Lair:6   | Entered Level 6 of the Lair of Beasts
 28630 | Lair:6   | Noticed an entropy weaver
 28642 | Lair:6   | Killed an entropy weaver
 28642 | Lair:6   | Reached XP level 15. HP: 63/103 MP: 21/21
 29435 | Lair:6   | Reached skill level 5 in Spellcasting
 30183 | Lair:6   | Found a viscous altar of Jiyva.
 30299 | Lair:6   | Found a staircase to the Slime Pits.
 31508 | D:11     | Got a brightly glowing glass ring
 31612 | D:11     | Got a wavering ruby amulet
 31613 | D:11     | Identified the Reference Book on Unstable Malediction
 31621 | D:11     | Identified the Collected Works on Lightness and the Escort
 32642 | D:11     | Identified the ring "Oneoqes" {rF+ Int+4} (You found it on
                  | level 11 of the Dungeon)
 32643 | D:11     | Identified the amulet of Tavutos {Faith -Tele rPois rC+++
                  | SInv} (You found it on level 11 of the Dungeon)
 34330 | D:13     | Reached skill level 10 in Dodging
 35759 | D:13     | Found a gate to the Vaults.
 35765 | D:13     | Reached XP level 16. HP: 107/114 MP: 27/27
 37257 | D:14     | Identified the Volume of Contamination
 37261 | D:14     | Found Reanin's Antique Armour Boutique.
 37735 | D:15     | Entered Level 15 of the Dungeon
 37790 | D:15     | Found a staircase to the Depths.
 39880 | Orc:1    | Entered Level 1 of the Orcish Mines
 40064 | Orc:1    | Found a dark tunnel.
 40073 | Volcano  | Entered a volcano
 41457 | Orc:2    | Entered Level 2 of the Orcish Mines
 41535 | Orc:2    | Found a roughly hewn altar of Beogh.
 41668 | Orc:2    | Found a staircase to the Elven Halls.
 41737 | Orc:2    | Paralysed by an orc sorcerer for 5 turns
 42119 | Orc:2    | Noticed Saint Roka
 42140 | Orc:2    | Killed Saint Roka
 42360 | Orc:2    | Found Zulous's Antique Armour Emporium.
 42362 | Orc:2    | Found a roughly hewn altar of Beogh.
 42367 | Orc:2    | Found Utirhe's Antique Weapon Shoppe.
 43120 | Orc:2    | Found a roughly hewn altar of Beogh.
 43120 | Orc:2    | Found Reonoa's Food Shop.
 43778 | Orc:2    | Found a roughly hewn altar of Beogh.
 43933 | Orc:2    | Found a roughly hewn altar of Beogh.
 43933 | Orc:2    | Found Zickiuf's Distillery.
 43941 | Orc:2    | Bought a potion of magic for 104 gold pieces
 43941 | Orc:2    | Bought a potion of heal wounds for 65 gold pieces
 43941 | Orc:2    | Bought a potion of invisibility for 104 gold pieces
 43941 | Orc:2    | Bought a potion of agility for 52 gold pieces
 43941 | Orc:2    | Bought a potion of haste for 130 gold pieces
 43981 | Orc:2    | Found a roughly hewn altar of Beogh.
 44702 | Spider:1 | Entered Level 1 of the Spider Nest
 44703 | Spider:1 | Upgraded the game from 0.24.0-13-gcf9b3192b9 to
                  | 0.24.0-28-g17ded55e90
 44828 | Lair:4   | HP: 5/118 [poisoned by a wolf spider]
 44833 | Lair:4   | HP: 3/118 [poisoned by a wolf spider]
 45141 | Spider:1 | Noticed Azrael
 45145 | Spider:1 | Killed Azrael
 45145 | Spider:1 | Reached XP level 17. HP: 89/124 MP: 28/29
 49240 | Spider:3 | Noticed Nikola
 49247 | Spider:3 | Reached skill level 1 in Translocations
 49250 | Spider:3 | Killed Nikola
 49253 | Spider:3 | Noticed Arachne
 49257 | Spider:3 | Reached skill level 15 in Fighting
 49544 | Spider:3 | Killed Arachne
 49819 | Spider:4 | Entered Level 4 of the Spider Nest
 49863 | Spider:4 | Noticed Aizul
 49885 | Spider:4 | Killed Aizul
 50004 | Spider:4 | Found a frozen archway.
 50023 | Spider:4 | Reached skill level 10 in Short Blades
 50045 | IceCv    | Entered an ice cave
 51981 | IceCv    | Noticed an Ice Fiend
 51987 | IceCv    | Killed an Ice Fiend
 52001 | IceCv    | Identified the +8 plate armour of the Unbroken {Str+2} (You
                  | found it in an ice cave)
 52396 | Spider:4 | Reached XP level 18. HP: 134/134 MP: 30/30
 53101 | Spider:4 | Reached skill level 5 in Charms
 54655 | Spider:4 | Got a gossamer rune of Zot
 55225 | Elf:1    | Entered Level 1 of the Elven Halls
 55264 | Elf:1    | Gained mutation: Scrolls take you a little longer to read.
                  | [a neqoxec]
 55268 | Orc:2    | Reached skill level 15 in Dodging
 55731 | D:9      | Found a transporter.
 55767 | D:9      | Killed rgaf's ghost
 56245 | D:8      | Identified the +6 scale mail "Gothas" {Str+4} (You found it
                  | on level 8 of the Dungeon)
 56374 | Shoals:1 | Entered Level 1 of the Shoals
 56465 | Shoals:1 | Found Cymu's Magic Scroll Shoppe.
 56546 | Shoals:1 | Bought a scroll of teleportation for 42 gold pieces
 56546 | Shoals:1 | Bought a scroll of blinking for 105 gold pieces
 56546 | Shoals:1 | Bought a scroll of enchant weapon for 105 gold pieces
 56807 | Shoals:1 | Reached skill level 5 in Translocations
 58527 | Shoals:1 | Lost mutation: Scrolls take you a little longer to read.
                  | [potion of mutation]
 58527 | Shoals:1 | Gained mutation: You are surrounded by a mild repulsion
                  | field. (EV +2) [potion of mutation]
 58527 | Shoals:1 | Gained mutation: Your mind is acute. (Int +2) [potion of
                  | mutation]
 58527 | Shoals:1 | Gained mutation: You have a pair of small antennae on your
                  | head. [potion of mutation]
 58527 | Shoals:1 | Gained mutation: You are resistant to electric shocks.
                  | (rElec) [potion of mutation]
 60037 | Shoals:2 | Reached XP level 19. HP: 50/139 MP: 31/31
 60221 | Shoals:2 | Reached skill level 5 in Shields
 61347 | Shoals:2 | Reached skill level 6 in Shields
 62040 | Shoals:3 | Reached skill level 7 in Shields
 63269 | Shoals:4 | Entered Level 4 of the Shoals
 63269 | Shoals:4 | Noticed Mara
 63862 | Lair:3   | Reached skill level 8 in Shields
 64715 | Elf:1    | Reached skill level 9 in Shields
 64794 | Elf:1    | Found Xeososy's Distillery.
 64802 | Elf:1    | Bought a potion of curing for 51 gold pieces
 64802 | Elf:1    | Bought a potion of curing for 51 gold pieces
 64818 | Elf:1    | Found a shimmering blue altar of Sif Muna.
 64961 | Elf:1    | Found a shimmering blue altar of Sif Muna.
 64989 | Elf:1    | Noticed Agnes
 64993 | Elf:1    | Killed Agnes
 65002 | Elf:1    | Noticed Asterion
 65024 | Elf:1    | Killed Asterion
 65437 | Elf:1    | Identified Ashadox's Volume of Unholy Magic
 65714 | Elf:1    | Reached skill level 10 in Shields
 65771 | Elf:1    | Got a smoking garnet amulet
 65772 | Elf:1    | Identified the amulet "Vanlerho" {RegenMP rElec} (You found
                  | it on level 1 of the Elven Halls)
 65775 | Elf:1    | Identified the Grimoire of Calling
 67044 | Elf:2    | Identified the Guide on Flying Confrontation
 67432 | Elf:2    | Reached XP level 20. HP: 140/145 MP: 32/32
 67474 | Elf:2    | Found a runed translucent gate.
 67474 | Elf:2    | Found a runed translucent gate.
 67474 | Elf:2    | Found a runed translucent gate.
 67702 | Elf:3    | Entered Level 3 of the Elven Halls
 67710 | Elf:3    | Reached skill level 11 in Shields
 68824 | Elf:3    | Identified the cursed +0 scale mail of Sew Fes {-Tele rC++
                  | Regen+}
 68850 | Elf:3    | Reached skill level 12 in Shields
 69777 | Elf:3    | Cast into level 2 of the Abyss (a deep elf demonologist)
 69841 | Abyss:2  | Reached skill level 13 in Shields
 70046 | Abyss:2  | Noticed a bone dragon
 70129 | Abyss:2  | Paralysed by you for 5 turns
 70275 | Abyss:2  | Paralysed by a great orb of eyes for 7 turns
 70390 | Abyss:2  | Noticed a bone dragon
 70410 | Abyss:2  | Found a corrupted altar of Lugonu.
 70513 | Elf:3    | Escaped the Abyss
 70726 | Elf:3    | Identified the +6 glaive "Jiuxkoha" {drain, Str-5 Int+6}
 70758 | Elf:3    | Identified the amulet of Tecuufua {Inacc rC+++ MR++ Dex-2
                  | SInv} (You found it on level 3 of the Elven Halls)
 70770 | Elf:3    | Identified the Papyrus of Transmigration and Talismans
 70816 | Elf:3    | Identified the Grimoire of Doomed Curses
 70818 | Elf:3    | Identified the Collected Works on Confrontation and Stones
 70832 | Elf:3    | Identified Emnyanuh's Spellcraft, Part One
 70852 | Elf:3    | Identified the +0 short sword of Bodily Harmony {venom,
                  | rElec rPois Stlth+} (You found it on level 3 of the Elven
                  | Halls)
 71172 | Vaults:1 | Entered Level 1 of the Vaults
 71175 | Vaults:1 | Reached skill level 14 in Shields
 71728 | Vaults:1 | You fall into a shaft and drop 1 floor!
 71823 | Vaults:2 | Reached XP level 21. HP: 98/151 MP: 33/33
 71837 | Vaults:2 | Reached skill level 15 in Shields
 72613 | Vaults:2 | Noticed a bone dragon
 72614 | Vaults:2 | Found a staircase to the Crypt.
 72631 | Vaults:2 | Killed a bone dragon
 73187 | Vaults:2 | Reached skill level 16 in Shields
 74162 | Vaults:1 | Reached skill level 17 in Shields
 74378 | Vaults:1 | Found a large runed translucent door.
 74378 | Vaults:1 | Found a large runed translucent door.
 74378 | Vaults:1 | Noticed HilariousDeathArtist's ghost (adept CeWn)
 75768 | Vaults:1 | Identified a scroll of acquirement
 76022 | Vaults:3 | Reached skill level 18 in Shields
 76618 | Vaults:3 | Reached XP level 22. HP: 157/157 MP: 34/34
 76752 | Vaults:3 | Noticed Margery
 76777 | Vaults:3 | Killed Margery
 77175 | Vaults:3 | Reached skill level 19 in Shields
 77667 | Vaults:3 | Identified Sif Muna's Handbook of Earthen Summoning
 78176 | Vaults:4 | Found a ruined gateway.
 78185 | Desolati | Entered the Desolation of Salt
 78881 | Desolati | Identified the +8 trident of Xoces {protect, rElec rPois}
 79014 | Desolati | Reached skill level 20 in Shields
 79041 | Desolati | Identified the Disquisition on Poison
 79336 | Desolati | Identified the Papyrus of Assistive Moulding
 79349 | Desolati | Identified the Guide on Floating Snow
 79584 | Desolati | Identified the Almanac of Slavery
 80212 | Vaults:4 | Reached skill level 15 in Stealth
 80219 | Vaults:4 | Paralysed by a floating eye for 4 turns
 80504 | Vaults:4 | Learned a level 1 spell: Apportation
 80507 | Vaults:4 | Learned a level 2 spell: Passwall
 80511 | Vaults:4 | Learned a level 3 spell: Mephitic Cloud
 80514 | Vaults:4 | Learned a level 2 spell: Swiftness
 80580 | Vaults:4 | Reached XP level 23. HP: 112/162 MP: 33/35
 80740 | Vaults:4 | Reached skill level 1 in Air Magic
 80740 | Vaults:4 | Reached skill level 1 in Poison Magic
 80744 | Vaults:4 | Reached skill level 1 in Transmutations
 80912 | Vaults:4 | Reached skill level 1 in Conjurations
 80912 | Vaults:4 | Reached skill level 1 in Earth Magic
 82237 | Shoals:4 | Identified Sif Muna's Grimoire of the Excruciating
                  | Volcanoes
 82417 | Shoals:4 | Identified the +1 glaive of Purpose {protect, rF+}
 82649 | Shoals:4 | Noticed EnegeticOcto's illusion
 82687 | Shoals:4 | Killed Mara
 83527 | Shoals:4 | Identified the Volume of the Spatial Glacier
 83778 | Shoals:4 | Noticed Ilsuiw
 84005 | Shoals:4 | Reached skill level 5 in Poison Magic
 84018 | Shoals:4 | Got a barnacled rune of Zot
 84426 | Shoals:4 | Killed Ilsuiw
 84896 | Depths:1 | Entered Level 1 of the Depths
 84944 | Depths:1 | Reached skill level 10 in Spellcasting
 85599 | Depths:1 | Reached XP level 24. HP: 162/171 MP: 35/37
 85782 | Depths:1 | Found a gateway to Hell.
 86619 | Depths:2 | Paralysed by a great orb of eyes for 5 turns
 86621 | Depths:2 | HP: 1/171 [ettin (illusionary)/+0 great mace (32)]
 86621 | Depths:2 | Demolished by an ettin (illusionary)

Levels and vault maps discovered:
D:1:      minmay_arrival_solitary_statue, layout_rooms, minmay_close_crescents
D:2:      layout_loops_cross, nicolae_ru_great_annihilating_truth
D:3:      wad_pebble_path, layout_basic, old_standard_altar,
          overflow_temple_1_default, lemuel_doored_altar, minmay_box_of_dots
D:4:      layout_gridville, grunt_ministairs_13
D:5:      layout_loops_ring, nemelex_xobeh_ov_fountains_minmay, first_ration,
          kb_xom_exploding_sheep, uniq_duvessa
D:6:      layout_loops_cross, serial_shops, shop
D:7:      layout_basic, kennysheep_mini, minmay_temple_entry_proselytizer,
          minmay_tree_intersection, uniq_joseph
D:8:      layout_rooms, grunt_gozag_breadcrumbs, special_room
          [special_room_orc], minmay_lindwurm_lava
D:9:      layout_loops_ring, kennysheep_mini_moat,
          nicolae_overflow_quartered_altars, david_orc_1_choice,
          gammafunk_ghost_smash, uniq_erolcha
D:10:     layout_cave_pods, uniq_grum, uniq_harold, uniq_snorg, uniq_urug
D:11:     minmay_the_grid_3x3 [minmay_the_grid_large_cup,
          minmay_the_grid_zigzags, minmay_the_grid_pillar_ring,
          minmay_the_grid_x, minmay_the_grid_expand, minmay_the_grid_square_x,
          minmay_the_grid_mess, minmay_the_grid_small_cups,
          minmay_the_grid_prize_diamond_cup], layout_rooms
D:12:     layout_loops_ring, david_nohive_1, minmay_liquid_box
D:13:     layout_irregular_city, grunt_vaults_entry_tiered
D:14:     layout_loops_cross, serial_park_gazebo [serial_park_minivault_5x5_3],
          serial_shops, shop, chequers_arboretum
D:15:     grunt_enter_depths_giant_problem, layout_grid_maze,
          minmay_misc_feat_four_crosses
Lair:1:   layout_chaotic_city, chequers_serial_rivers_room_b,
          serial_bayou_shore_a, grunt_megastairs_4
Lair:2:   layout_gridlike, ldierk_geyser
Lair:3:   gammafunk_mikee_crab_dinner, layout_regular_city
Lair:4:   layout_gridlike, shoals_dummy_entry, spider_nest_entry_a,
          gauntlet_entry_generic, lemuel_fruit_fields, uniq_josephine,
          uniq_sonja
Lair:5:   layout_loops_ring, infiniplex_staircase_pool
Lair:6:   minmay_lair_end_frog_pond, layout_regular_city, slime_altar_1,
          minivault_24, minivault_29
Shoals:1: cheibrodos_shoals_three_sisters, layout_shoals, serial_shops,
          nicolae_shop_stone, centaur_isle
Shoals:2: layout_shoals, nicolae_shoals_kraken_party
Shoals:3: layout_shoals, st_cyclops
Shoals:4: shoals_end_grunt_ice, layout_shoals, shoals_ilsuiw_ice, uniq_mara
Spider:1: layout_spider_delve, drop_trap, uniq_azrael
Spider:2: layout_spider_delve
Spider:3: layout_spider_delve, uniq_nikola, uniq_arachne
Spider:4: guppyfry_spider_rune, portal_ice_cave_entry_pillars_three, uniq_aizul
Orc:1:    layout_caves, nicolae_volcano_entry_batcave
Orc:2:    grunt_orc_community_town_hall, layout_caves,
          grunt_orc_community_big_house_1, grunt_orc_community_big_house_1,
          grunt_orc_community_house_3, grunt_orc_community_house_3,
          grunt_orc_community_house_2, grunt_orc_community_house_3,
          grunt_orc_community_house_3, grunt_orc_community_house_2,
          bh_open_orc_temple
Elf:1:    minmay_elf_arrival_plus, layout_geoelf_diagonals, serial_shops,
          nicolae_shop_competitors_out_of_business, basic_altar,
          minmay_elf_necromancy, minmay_misc_feat_five, chequers_big_river,
          glass_columns_c, hangedman_summoners_spam, uniq_agnes, uniq_asterion
Elf:2:    layout_loops_cross
Elf:3:    elf_hall_gauntlet_wide, layout_geoelf_grid
Vaults:1: advil_vaults_ghost_guards, nicolae_vaults_network_periphery,
          nicolae_vaults_puzzle_piece, v_misc_30, vaults_mumra_hex,
          nicolae_vaults_quartermaster, nicolae_vaults_little_squares_4,
          vaults_standard_mumra_x, v_misc_25, grunt_vaults_hallway_long,
          vaults_room_fours, vaults_room_semicircle, layout_vaults_omnicross
Vaults:2: v_misc_26, ontoclasm_vaults_pinch, v_misc_23, vaults_dpeg_ring,
          nicolae_vaults_asterisk, v_alt_pattern_3, nicolae_vaults_minivaults,
          grunt_vaults_trifunnel, v_misc_24, minmay_crypt_entry_nasty_monster,
          vaults_mumra_minichess_inversion, nicolae_vaults_little_squares_3,
          v_misc_18, nicolae_vaults_ring_of_whatevers, vaults_room_corners,
          vaults_dpeg_hooks, layout_vaults_ring
Vaults:3: nicolae_vaults_circle_grid_a, nicolae_vaults_theta,
          vaults_room_grunt_arrival_ludios, dpeg_vaults_waves,
          vaults_room_door_hall, layout_vaults_omnigrid, uniq_margery
Vaults:4: st_cells, grunt_vaults_hallway_long, v_rooms_4, v_misc_14,
          hangedman_vaults_locks, hangedman_vaults_slice, vaults_room_pools,
          v_misc_14, hangedman_vaults_nodes, hangedman_vaults_river_flow,
          ontoclasm_vaults_twist, hangedman_vaults_variations,
          nicolae_vaults_hallways_thing, layout_vaults_maze_snakey,
          portal_desolation_entry_garden
Depths:1: layout_cave_shapes, hangedman_coc_ice_floe, kilobyte_rumbling_trees,
          kennysheep_random_hallway, serial_bayou_shore_b
Depths:2: lemuel_firewalk_3, layout_cave_pools, pf_hell_entry_tar_spiral,
          grunt_pan_entry_in_and_out, hangedman_decor_push

Skill      XL: |  1  2  3  4  5  6  7  8  9 10 11 12 13 14 15 16 17 18 19 20 21 22 23 24 |
---------------+-------------------------------------------------------------------------+-----
Stealth        | 1 2 3 4 5 6 7 8 14 15 | 15.3
Fighting       | 3 4 5 7 9 10 11 13 15 16 | 16.1
Hexes          | 1 2 |  2.1
Dodging        | 3 4 7 8 6 10 12 14 15 16 | 16.1
Throwing       | 1 5 6 7 8 |  8.6
Slings         | 2 8 10 11 13 | 13.7
Spellcasting   | 3 4 7 8 10 | 10.0
Necromancy     | 2 4 5 6 8 |  8.0
Shields        | 1 4 10 14 18 20 | 20.0
Short Blades   | 2 6 9 10 11 13 | 13.9
Translocations | 3 5 |  5.0
Charms         | 4 7 8 |  8.0
Air Magic      | 3 |  3.0
Poison Magic   | 8 |  8.0
Transmutations | 3 |  3.0
Conjurations   | 3 |  3.0
Earth Magic    | 3 |  3.0
Long Blades    | |  2.0

Action                   |  1- 3 |  4- 6 |  7- 9 | 10-12 | 13-15 | 16-18 | 19-21 | 22-24 || total
-------------------------+-------+-------+-------+-------+-------+-------+-------+-------++-------
Melee: Falchion          |    15 |       |       |       |       |       |       |       ||    15
       Constrict         |    12 |    38 |    27 |    80 |    98 |   199 |   207 |   151 ||   812
       Dagger            |    36 |   141 |    26 |       |       |       |       |       ||   203
       Tentacles         |     4 |    19 |    30 |   107 |   150 |   303 |   438 |   372 ||  1423
       Short sword       |       |       |   113 |   566 |   636 |   989 |       |       ||  2304
       Rapier            |       |       |       |       |       |   386 |  1775 |  1590 ||  3751
 Fire: Fustibalus        |       |       |   111 |   513 |  1059 |  1476 |   161 |   167 ||  3487
Throw: Dart              |       |     5 |     3 |       |       |    10 |    19 |     1 ||    38
       Javelin           |       |       |     1 |     1 |       |       |       |       ||     2
 Cast: Infusion          |     6 |     7 |     2 |     5 |       |       |       |       ||    20
       Shroud of Golubri |     3 |    15 |    10 |    45 |    26 |    43 |    45 |    56 ||   243
       Regeneration      |       |       |     4 |    24 |    25 |    90 |    84 |    60 ||   287
       Confusing Touch   |       |       |     1 |     7 |       |     5 |     8 |     1 ||    22
       Song of Slaying   |       |       |       |     4 |       |     1 |     1 |       ||     6
       Mephitic Cloud    |       |       |       |       |       |       |       |    22 ||    22
Invok: Sacrifice Essence |       |     1 |       |       |       |       |       |       ||     1
       Sacrifice Artific |       |       |     1 |       |       |       |       |       ||     1
       Apocalypse        |       |       |     1 |     8 |     5 |    10 |     5 |     5 ||    34
       Sacrifice Experie |       |       |     1 |       |       |       |       |       ||     1
       Power Leap        |       |       |       |     4 |    12 |    16 |     9 |       ||    41
       Sacrifice Love    |       |       |       |     1 |       |       |       |       ||     1
       Draw Out Power    |       |       |       |     2 |     5 |     5 |     3 |     4 ||    19
  Use: Scroll            |     3 |     1 |    11 |    16 |     6 |     9 |    23 |     2 ||    71
       Potion            |       |       |     1 |     5 |     4 |    12 |     6 |     3 ||    31
 Stab: Sleeping          |     6 |    14 |    14 |     7 |     8 |    42 |    53 |    47 ||   191
       Paralysed         |       |     1 |       |    13 |    12 |    21 |     8 |    12 ||    67
       Confused          |       |       |     2 |     3 |       |     7 |     8 |    21 ||    41
       Petrified         |       |       |       |    16 |     3 |     1 |       |       ||    20
       Invisible         |       |       |       |     4 |     5 |    24 |    12 |     9 ||    54
       Distracted        |       |       |       |     1 |     4 |    17 |     7 |     9 ||    38
  Eat: Chunk             |     1 |     8 |     8 |    28 |    21 |    36 |    43 |    26 ||   171
       Ration            |       |       |     3 |     6 |     7 |    14 |     5 |     3 ||    38
Armor: Skin              |     4 |    13 |    11 |    21 |    53 |   147 |    29 |    37 ||   315
Dodge: Dodged            |    37 |    78 |   109 |   275 |   499 |  1137 |   481 |   363 ||  2979
Block: Buckler           |       |       |     9 |   112 |   208 |   457 |    47 |       ||   833
       Large shield      |       |       |       |       |       |       |   982 |  1190 ||  2172
       Rpst.: Falchion   |     3 |       |       |       |       |       |       |       ||     3
